 Dungeon Crawl Stone Soup version 0.29-a0-284-gf9362112df (webtiles) character file.

Game seed: 11687305676283603805

6 spaghetti the Slasher (level 1, 11/13 HPs)
             Began as a Deep Elf Berserker on Mar 28, 2022.
             Was a Follower of Trog.
             Quit the game on level 1 of the Dungeon.
             The game lasted 00:00:14 (140 turns).

spaghetti the Slasher (Deep Elf Berserker)           Turns: 140, Time: 00:00:15

Health: 11/13      AC:  2    Str: 14    XL:     1   Next: 75%
Magic:  3/3        EV: 12    Int: 11    God:    Trog [*.....]
Gold:   17         SH:  0    Dex: 14    Spells: 0/0 levels left

rFire   . . .      SeeInvis .   a - +0 falchion {long}
rCold   . . .      Faith    .   (no shield)
rNeg    . . .      Spirit   .   b - +0 animal skin
rPois   .          Reflect  .   (no helmet)
rElec   .          Harm     .   (no cloak)
rCorr   .          Rampage  .   (no gloves)
Will    .....                   (no boots)
Stlth   ++........              (no amulet)
HPRegen 0.04/turn               (no ring)
MPRegen 0.08/turn               (no ring)

@: no status effects
A: no striking features
a: Renounce Religion, Berserk


You were on level 1 of the Dungeon.
You worshipped Trog.
Trog was aware of your devotion.
You visited 1 branch of the dungeon, and saw 1 of its levels.

You collected 17 gold pieces.


   Skills:
 - Level 2.4 Fighting
 - Level 2.6 Long Blades
 - Level 1.5 Armour
 - Level 2.4 Dodging
 + Level 2.0 Stealth


You couldn't memorise any spells.
You didn't know any spells.
Your spell library was empty.

Inventory:

Hand Weapons
 a - a +0 falchion (weapon) {long}
Armour
 b - a +0 animal skin (worn)
Potions
 c - a potion of ambrosia {unknown}

Dungeon Overview and Level Annotations

Branches:
Dungeon (1/15)

Altars:

.................
..#..............#.?....
.#...............+.....#
.................#.....#
...............#........
......##...........K...#
...............#.... ...
.#.....#.†#.##.#†.##...#
.#.....#........@.......
.#.....#.##.####..##....
#.....#.##.####..# .
#.....#.##.......#
##.....#.#######.......
.......#.# ##.##.#.
########. ... .. .##. ..
.. ...


You could see a kobold.


Message History

🤖 Initializing magus.rc ...
Options error: Delay interrupt name "hungry" not recognised. (~/.crawlrc:4761) Options error: Bad monster_list_colour key: strict_neutral (~/.crawlrc:4776) ✅ Successfully initialized magus.rc [v1.9.6] Welcome, spaghetti the Deep Elf Berserker.
The marvelous Orb of Zot lies far below, as if waiting for you to find it.
Trog says: Kill them all!
Press ? for a list of commands and other information.
Found 13 gold pieces.
Found an escape hatch in the floor.
Found a staircase leading out of the dungeon.
A ball python comes into view.
The ball python hisses angrily.
The ball python moves out of view.
A ball python is nearby!
A ball python is nearby!
A ball python is nearby!
A ball python is nearby!
Unknown command.
You hit the ball python.
You kill the ball python!
Trog accepts your kill.
You see here a ball python corpse.
You now have 13 gold pieces.
You see here a ball python corpse.
You now have 17 gold pieces (gained 4).
c - a bubbling coppery potion A rat comes into view.
A rat is nearby!
The rat barely misses you.
You closely miss the rat. The rat misses you.
You hit the rat.
You kill the rat!
Trog accepts your kill.
Your Stealth skill increases to level 1!
You open the door.
There is an open door here.
Key pressed, stopping explore.
A dart slug comes into view.
A dart slug is nearby!
A dart slug is nearby!
The helpless dart slug fails to defend itself.
You slash the dart slug! The dart slug barely misses you.
You hit the dart slug. The dart slug barely misses you.
You barely miss the dart slug. The dart slug launches a dart at you.
The slug dart hits you. 😕 HP[-1]
You take 1 damage, and now have 12/13 hp.
You hit the dart slug.
You kill the dart slug!
Trog accepts your kill.
You see here a dart slug corpse.
A giant cockroach comes into view. 😎 HP[+1]
Your hp is fully restored (13).
A giant cockroach is nearby!
A giant cockroach is nearby!
A kobold comes into view. It is wielding a +0 whip.
You hit the giant cockroach.
The giant cockroach bites you but does no damage.
You hit the giant cockroach but do no damage.
The giant cockroach closely misses you. x2
You closely miss the giant cockroach.
The kobold shouts!
The giant cockroach bites you. 😕 HP[-2]
You take 2 damage, and now have 11/13 hp.
You hit the giant cockroach.
You kill the giant cockroach!
Trog accepts your kill.
Your Stealth skill increases to level 2!
Unknown command.
Unknown command.
Are you sure you want to abandon this character and quit the game? (Confirm with "yes".)

Skill      XL: |  1 |
---------------+----+-----
Stealth        | 2 |  2.0
Fighting       | |  2.4
Long Blades    | |  2.6
Armour         | |  1.5
Dodging        | |  2.4

Action                   || total
-------------------------++-------
Melee: Falchion          ||    11
 Stab: Sleeping          ||     1
Armor: Animal skin       ||     1
Dodge: Dodged            ||     6

Levels and vault maps discovered:
D:1:      dpeg_arrival_stonehenge_12_columns, layout_basic

Notes
Turn   | Place    | Note
-------+----------+-------------------------------------------
     0 | D:1      | spaghetti the Deep Elf Berserker began the quest for the
                  | Orb.
     0 | D:1      | Reached XP level 1. HP: 13/13 MP: 3/3
     0 | D:1      | magus.rc [v1.9.6]
    54 | D:1      | Reached skill level 1 in Stealth
   140 | D:1      | Reached skill level 2 in Stealth
   140 | D:1      | Quit the game

Vanquished Creatures
  A dart slug (D:1)
  A ball python (D:1)
  A giant cockroach (D:1)
  A rat (D:1)
4 creatures vanquished.

Table legend:
 A = Non-vault XP
 B = Vault XP
 C = Vault XP percentage of total XP
 D = Non-vault monster count
 E = Vault monster count
 F = Vault count percentage of total count
                 A         B        C        D         E       F
            +---------+---------+-------+---------+---------+-------
      Total |       9 |       0 |   0.0 |       4 |       0 |   0.0
            +---------+---------+-------+---------+---------+-------
        D:1 |       9 |       0 |   0.0 |       4 |       0 |   0.0
            +---------+---------+-------+---------+---------+-------

Illustrated notes

Table legend:
 A = Kills in this place as a percentage of kills in entire the game.
 B = Kills by you in this place as a percentage of kills by you in the entire game.
 C = Kills by friends in this place as a percentage of kills by friends in the entire game.
 D = Other kills in this place as a percentage of other kills in the entire game.
 E = Experience gained in this place as a percentage of experience gained in the entire game.
 F = Experience gained in this place divided by the number of levels of this place that you have seen.
                   A       B       C       D       E      F
               +-------+-------+-------+-------+-------+----------------------
         Total | 100.0 | 100.0 |   N/A |   N/A | 100.0 |   9.0
       Dungeon | 100.0 | 100.0 |   N/A |   N/A | 100.0 |   9.0
               +-------+-------+-------+-------+-------+----------------------

Table legend: (Time is in decaauts)
 A = Elapsed time spent in this place.
 B = Non-inter-level travel time spent in this place.
 C = Inter-level travel time spent in this place.
 D = Time resting spent in this place.
 E = Time spent auto-exploring this place.
 F = Levels seen in this place.
 G = Mean time per level.
                   A        B        C        D        E       F      G
               +--------+--------+--------+--------+--------+-----+--------+
         Total |    142 |    142 |      0 |      0 |    114 |   1 |  142.0 |
       Dungeon |    142 |    142 |      0 |      0 |    114 |   1 |  142.0 |
               +--------+--------+--------+--------+--------+-----+--------+

Top non-repeatable levels by time:
     D:1: 142 daAuts
